 Dungeon Crawl Stone Soup version 0.28-a0-1510-gd0f6b136d3 (webtiles) character file.

Game seed: 5630005341559613318

328 bande the Covered (level 6, -7/39 HPs)
             Began as a Gargoyle Fighter on Jan 16, 2022.
             Mangled by an orc warrior (15 damage)
             ... on level 4 of the Dungeon.
             The game lasted 00:05:28 (3123 turns).

bande the Covered (Gargoyle Fighter)                Turns: 3123, Time: 00:05:28

Health: -7/39      AC: 11    Str: 20    XL:     6   Next: 50%
Magic:  6/6        EV:  9    Int:  8    God:
Gold:   230        SH:  6    Dex: 17    Spells: 5/5 levels left

rFire   . . .      SeeInvis .   a - +0 war axe
rCold   . . .      Faith    .   c - +1 buckler
rNeg    + . .      Spirit   .   b - +0 scale mail
rPois   ∞          Reflect  .   (no helmet)
rElec   +          Harm     .   (no cloak)
rCorr   .          Rampage  .   (no gloves)
Will    .....                   (no boots)
Stlth   ..........              (no amulet)
HPRegen 0.13/turn               e - +6 ring of dexterity
MPRegen 0.10/turn               k - +4 ring of slaying

@: no status effects
A: sickness immunity, AC +4, negative energy resistance 1, electricity
resistance, torment resistance 1, petrification resistance
a: no special abilities


You were on level 4 of the Dungeon.
You visited 1 branch of the dungeon, and saw 4 of its levels.
You also visited: Sewer.

You collected 230 gold pieces.

Inventory:

Hand Weapons
 a - a +0 war axe (weapon)
Armour
 b - a +0 scale mail (worn)
 c - a +1 buckler (worn)
Jewellery
 e - a +6 ring of dexterity (left hand)
 k - a +4 ring of slaying (right hand)
Wands
 p - a wand of paralysis (4)
Scrolls
 j - 3 scrolls of teleportation
 l - 2 scrolls of fog
 n - a scroll of holy word
 q - a scroll of enchant armour
Potions
 d - a potion of might
 f - 2 potions of flight
 g - a potion of lignification {unknown}
 h - a potion of haste {unknown}
 i - a potion of curing {unknown}
 m - 2 potions of degeneration
 o - a potion of heal wounds {unknown}


   Skills:
 + Level 4.4 Fighting
 + Level 4.5 Axes
 + Level 4.5 Armour
 + Level 3.9 Shields


You had 5 spell levels left.
You didn't know any spells.
Your spell library was empty.

Dungeon Overview and Level Annotations

Branches:
Dungeon (4/15)              Sewer (visited)
 Temple: D:4-7

Altars:


Innate Abilities, Weirdness & Mutations

You are immune to sickness and miasma.
Your stone body is resilient. (AC +4)
You are immune to poison.
You resist negative energy. (rN+)
You are resistant to electric shocks. (rElec)
You are resistant to unholy torment.
You are immune to petrification.


Message History

As you open the door, it creaks loudly!
You hear a shout! x3
An orc comes into view. It is wielding a +2 dagger of venom.
An orc is nearby!
An orc comes into view. It is wielding a +0 club.
The orc shouts!
The orc moves out of view.
There is an open door here.
An orc comes into view. It is wielding a +0 dagger.
An orc warrior comes into view. It is wielding a +0 halberd.
You hit the orc.
You kill the orc!
You block the orc warrior's attack.
You see here a +2 dagger of venom.
You closely miss the orc warrior.
The orc warrior hits you with a +0 halberd!
You hit the orc warrior.
The orc warrior is lightly wounded.
The orc warrior hits you with a +0 halberd!
The orc warrior hits you with a +0 halberd.
You are too injured to fight recklessly!
You are too injured to fight recklessly!
You are too injured to fight recklessly!
You are too injured to fight recklessly!
You are too injured to fight recklessly!
You are too injured to fight recklessly!
You are too injured to fight recklessly!
You are too injured to fight recklessly!
You are too injured to fight recklessly!
You barely miss the orc warrior.
The orc warrior is lightly wounded.
You block the orc warrior's attack.
You barely miss the orc warrior.
The orc warrior is lightly wounded.
The orc warrior hits you with a +0 halberd!
* * * LOW HITPOINT WARNING * * *
You hit the orc warrior.
The orc warrior is lightly wounded.
You block the orc warrior's attack.
The orc warrior hits you with a +0 halberd!
You die...

.....#
#...[..(.[..P♣PP.♣♣.....
.....#
#..........♣.♣....♣.....
.....#
#..........♣.P.P♣.♣.....
.....#
#..........♣♣.P.♣♣......
.....#
#...........♣♣♣♣♣♣♣.....
..... #........####
...... #....##'##
.♣..... #....#...#
........ #....#.@.# .♣
♣.♣... #... +..o# ..
...... #.. #..#o. ..
♣.♣... #####... ....#
...+ ...# ...


You could see an orc warrior and an orc.

Vanquished Creatures
  Pargi (Sewer)
  A scorpion (D:4)
  An iguana (D:4)
  2 orc wizards (D:4)
  2 hound skeletons
  An adder (D:2)
  A worm (D:4)
  2 dart slugs
  9 orcs
  3 endoplasms
  2 giant cockroaches
  4 goblins
  2 hobgoblins
  2 quokkas
  7 ball pythons
  4 bats
  2 frilled lizards
  6 kobolds
  4 rats
56 creatures vanquished.

Vanquished Creatures (collateral kills)
  A quokka (D:2)
1 creature vanquished.

Grand Total: 57 creatures vanquished

Notes
Turn   | Place    | Note
-------+----------+-------------------------------------------
     0 | D:1      | bande the Gargoyle Fighter began the quest for the Orb.
     0 | D:1      | Reached XP level 1. HP: 14/14 MP: 1/1
   301 | D:1      | Reached XP level 2. HP: 19/19 MP: 2/2
   780 | D:2      | Reached XP level 3. HP: 23/23 MP: 3/3
  1518 | D:3      | Found a faded altar of an unknown god.
  1947 | D:3      | Reached XP level 4. HP: 25/29 MP: 4/4
  2213 | D:4      | Noticed a scorpion
  2219 | D:4      | Killed a scorpion
  2220 | D:4      | Reached XP level 5. HP: 31/33 MP: 5/5
  2442 | D:4      | Found a glowing drain.
  2459 | Sewer    | Entered a sewer
  2507 | Sewer    | Noticed Pargi
  2530 | Sewer    | Killed Pargi
  2531 | Sewer    | Reached XP level 6. HP: 21/39 MP: 6/6
  3116 | D:4      | Noticed an orc warrior
  3123 | D:4      | Mangled by an orc warrior

Illustrated notes

Levels and vault maps discovered:
D:1:      nzn_arrival_crosshair, layout_loops_cross
D:2:      layout_basic, lightli_corner_chamber
D:3:      layout_basic, serial_glass, glass_columns_a, glass_columns_b,
          chequers_ecumenical_altar_simple, minmay_joined_circles
D:4:      layout_gridville, serial_forest, infiniplex_forest_clump_small,
          infiniplex_forest_zigzag_2, infiniplex_forest_end_1,
          infiniplex_forest_end_double, infiniplex_forest_lined_corner,
          infiniplex_forest_diagonal, infiniplex_forest_clump_long,
          cheibrodos_sewer_entry_bend

Skill      XL: |  1  2  3  4  5 |
---------------+----------------+-----
Axes           | 2 3 4 |  4.5
Armour         | 4 |  4.5
Fighting       | 4 |  4.4
Shields        | |  3.9

Action                   |  1- 3 |  4- 6 || total
-------------------------+-------+-------++-------
Melee: War axe           |   102 |    51 ||   153
  Use: Scroll            |     7 |     3 ||    10
Armor: Scale mail        |    50 |    33 ||    83
Dodge: Dodged            |    51 |    32 ||    83
Block: Buckler           |    23 |    28 ||    51

Table legend: (Time is in decaauts)
 A = Elapsed time spent in this place.
 B = Non-inter-level travel time spent in this place.
 C = Inter-level travel time spent in this place.
 D = Time resting spent in this place.
 E = Time spent auto-exploring this place.
 F = Levels seen in this place.
 G = Mean time per level.
                   A        B        C        D        E       F      G
               +--------+--------+--------+--------+--------+-----+--------+
         Total |   3206 |   3206 |      0 |    432 |   2203 |   5 |  641.2 |
       Dungeon |   2617 |   2617 |      0 |      0 |   2125 |   4 |  654.2 |
         Sewer |    588 |    588 |      0 |    432 |     77 |   1 |  588.0 |
               +--------+--------+--------+--------+--------+-----+--------+

Top non-repeatable levels by time:
     D:2: 888 daAuts
     D:1: 628 daAuts
   Sewer: 588 daAuts
     D:3: 567 daAuts
     D:4: 532 daAuts
